AoeStats
← CassianPrime

Arabia

509411464Analyzed
2v2 RM · 4d ago on Sep 26, 2026· 25m 37s· 4 players
Game mode
Random Map
Map size
Medium (4 player)
Population
200
Speed
Normal
Resources
Standard
Victory
Conquest
Starting age
Dark Age
Ending age
Imperial Age
RankedLock teamsTeams togetherTeam positionsShared explorationLock speedFull tech treeHidden civsTurbo modeCheats
Victory
Defeat
🇺🇸 Saxons · United States
949
+16
🇺🇸 Vietnamese · United States
948
+16
🇪🇸 Franks · Spain
952
-46
🇪🇸 Persians · Spain
952
-46
CassianPrime
5:24 Loom
11:02 Feudal Age
13:39 Horse Collar
13:46 Double-Bit Axe
14:58 Wheelbarrow
17:50 Castle Age
24:44 Bow Saw
iamthemikey.hardy
7:07 Loom
10:16 Feudal Age
12:44 Double-Bit Axe
15:44 Wheelbarrow
14:57 Horse Collar
20:03 Castle Age
21:21 Fletching
21:02 Crossbowman
22:10 Thumb Ring
22:49 Bow Saw
22:49 Gold Mining
23:23 Stone Mining
KNUTO
13:05 Feudal Age
14:41 Wheelbarrow
13:57 Loom
24:23 Man-at-Arms
zask95
4:39 Loom
12:05 Feudal Age
12:28 Double-Bit Axe
13:44 Wheelbarrow
12:55 Town Watch
15:09 Horse Collar
15:25 Gold Mining
17:43 Arson
Connection lost

Rejoining the realm…

Still unreachable

The connection could not be restored.

Session expired

The server has moved on; the page needs a fresh start.